 Dungeon Crawl Stone Soup version 0.28.0-45-g0d030f2227 (webtiles) character file.

Game seed: 1084413295030820424

3621 H0rd4k the Thaumaturge (level 9, -5/46 HPs)
             Began as a Deep Elf Hedge Wizard on Apr 12, 2022.
             Was an Initiate of Gozag.
             Shot with an arrow by a centaur warrior (9 damage)
             ... on level 9 of the Dungeon on Apr 13, 2022.
             The game lasted 00:16:37 (12627 turns).

H0rd4k the Thaumaturge (Deep Elf Hedge Wizard)     Turns: 12627, Time: 00:16:37

Health: -5/46      AC: 10    Str: 10    XL:     9   Next: 87%
Magic:  21/27      EV: 13    Int: 31    God:    Gozag
Gold:   1239       SH:  0    Dex: 14    Spells: 14/32 levels left

rFire   . . .      SeeInvis .   u - +0 quarterstaff of Painted Punishment {vorpal, Str+3 Int+3}
rCold   . . .      Faith    +   (shield currently unavailable)
rNeg    . . .      Spirit   .   t - +2 robe {Will+}
rPois   .          Reflect  .   c - +2 helmet of Igad Reo {Int+4}
rElec   .          Harm     .   v - +2 cloak
rCorr   .          Rampage  .   (no gloves)
Will    +....                   (no boots)
Stlth   ++........              j - amulet of Dyuqaf {Faith +Blink Regen+}
HPRegen 0.95/turn               (no ring)
MPRegen 0.20/turn               (no ring)

@: gold aura
A: no striking features
a: Renounce Religion, Evoke Blink, Potion Petition, Call Merchant, Bribe Branch


You were on level 9 of the Dungeon.
You worshipped Gozag.
Gozag was most pleased with you.
You visited 1 branch of the dungeon, and saw 9 of its levels.

You collected 1347 gold pieces.
You spent 75 gold pieces at shops.
You paid 33 gold pieces to Gozag.

Inventory:

Hand Weapons
 m - a +2 dagger of draining
 u - the +0 quarterstaff of Painted Punishment (weapon) {vorpal, Str+3 Int+3}
   (You found it on level 4 of the Dungeon)

   It inflicts extra damage upon your enemies.
   Str:       It affects your strength (+3).
   Int:       It affects your intelligence (+3).
Armour
 c - the +2 helmet of Igad Reo (worn) {Int+4}
   (You found it on level 5 of the Dungeon)

   Int:       It affects your intelligence (+4).
 t - a +2 robe of willpower (worn)
 v - a +2 cloak (worn)
Magical Staves
 y - a staff of earth
 B - a staff of cold
Jewellery
 j - the amulet of Dyuqaf (around neck) {Faith +Blink Regen+}
   (You found it on level 2 of the Dungeon)

   [amulet of faith]

   It allows you to gain divine favour quickly.
   +Blink:    It lets you blink.
   Regen:     It increases your rate of health regeneration.
Wands
 p - a wand of polymorph (6)
Scrolls
 a - 3 scrolls of blinking
 e - 3 scrolls of vulnerability {unknown}
 g - 2 scrolls of enchant weapon {unknown}
 i - 2 scrolls of teleportation {unknown}
 k - 3 scrolls of enchant armour
 l - a scroll of immolation {unknown}
 r - a scroll of amnesia {unknown}
 s - a scroll of torment {unknown}
Potions
 b - a potion of ambrosia {unknown}
 d - 4 potions of curing
 f - 3 potions of attraction
 h - 2 potions of lignification
 n - a potion of invisibility {unknown}
 o - 2 potions of cancellation
 q - a potion of magic {unknown}
 w - a potion of degeneration {unknown}
 x - a potion of mutation {unknown}
 z - a potion of berserk rage
 A - a potion of flight {unknown}
 C - a potion of haste
 D - a potion of brilliance {unknown}
Miscellaneous
 E - a tin of tremorstones (2/2)


   Skills:
 + Level 0.8 Fighting
 + Level 4.2 Dodging
 - Level 2.4 Stealth
 + Level 12.4 Spellcasting
 + Level 9.1 Conjurations
 * Level 3.9 Hexes
 + Level 1.1 Summonings
 + Level 1.1 Translocations
 + Level 2.3 Fire Magic
 + Level 2.3 Air Magic
 * Level 3.2 Earth Magic
 + Level 2.2 Poison Magic


You had 14 spell levels left.
You knew the following spells:

 Your Spells              Type           Power      Damage    Failure   Level
a - Magic Dart            Conj           100%       1d8       1%          1
b - Blink                 Tloc           52%        N/A       2%          2
c - Conjure Flame         Conj/Fire      53%        6-21      1%          3
d - Mephitic Cloud        Conj/Pois/Air  47%        N/A       1%          3
e - Leda's Liquefaction   Hex/Erth       20%        N/A       6%          4
f - Lee's Rapid Deconstr  Erth           19%        3d12*     19%         5

Your spell library contained the following spells:

 Spells                   Type           Power      Damage    Failure   Level
 Apportation              Tloc           52%        N/A       1%          1
 Slow                     Hex            100%       N/A       1%          1
 Summon Small Mammal      Summ           100%       N/A       1%          1
 Ensorcelled Hibernation  Hex/Ice        62%        N/A       1%          2
 Animate Skeleton         Necr           38%        N/A       2%          1
 Call Imp                 Summ           26%        N/A       2%          2
 Summon Guardian Golem    Hex/Summ       35%        N/A       2%          3
 Sublimation of Blood     Necr           19%        N/A       3%          2
 Wereblood                Tmut           19%        N/A       3%          2
 Gell's Gravitas          Tloc           26%        N/A       4%          3
 Spider Form              Tmut/Pois      26%        N/A       4%          3
 Teleport Other           Tloc           26%        N/A       4%          3
 Animate Armour           Summ/Erth      66%        N/A       11%         4
 Anguish                  Hex/Necr       15%        N/A       12%         4
 Iron Shot                Conj/Erth      27%        9d6       30%         6
 Orb of Destruction       Conj           33%        9d10      45%         7
 Blade Hands              Tmut           9%         N/A       56%         5
 Statue Form              Tmut/Erth      19%        N/A       90%         6
 Dispersal                Tloc           13%        N/A       94%         6
 Spellforged Servitor     Conj/Summ      25%        N/A       95%         7
 Summon Hydra             Summ           13%        N/A       100%        7


Dungeon Overview and Level Annotations

Branches:
Dungeon (9/15)             Temple (0/1) D:6
   Lair: D:8-11         Orc: D:9-12

Altars:
Gozag

Shops:
D:2 ?

Annotations:
D:4 exclusion: downstairs
D:5 exclusion: downstairs
D:7 Maggie
D:8 exclusion: acid dragon, Gastronok
D:9 3 runed translucent doors, 1 exclusion


Message History

The magic dart hits the yak but does no damage.
The yak gores you. The yak barely misses you.
The magic dart hits the yak but does no damage.
The yak barely misses you. The yak gores you!
The magic dart hits the yak.
The yak is lightly wounded.
You feel stable enough to blink again. The yak gores you.
The yak barely misses you.
Casting: Magic Dart (safe; 1% risk of failure)
Confirm with . or Enter, or press ? or * to list all spells.
You blink.
You feel stable enough to blink again.
There is an open door here.
A centaur warrior comes into view.
It is wielding the +5 scimitar "Transmigrator" {vorpal, Str+2}.
There is an open door here.
You see here 13 gold pieces.
The yak gores you but does no damage.
An orc comes into view. It is wielding a +0 dagger.
A deep elf pyromancer comes into view. It is wielding a +0 dagger.
The deep elf pyromancer shouts!
The deep elf pyromancer casts a spell.
The yak is engulfed in blazing flames.
The yak is engulfed in blazing flames.
The yak dies!
The deep elf pyromancer casts a spell.
The deep elf pyromancer blinks!
Items here: $ )) [[.
Unknown command.
The deep elf pyromancer is distracted by your dazzling golden aura.
A centaur warrior comes into view.
The yak gores you.
The centaur warrior shouts!
The centaur warrior wields a +0 longbow of flaming.
It bursts into flame!
The centaur warrior shoots an arrow.
The arrow hits you!! The arrow burns you.
The centaur warrior shoots an arrow.
The arrow hits you!!
* * * LOW HITPOINT WARNING * * *
The arrow burns you!
You die...
Your body crumbles into a pile of gold.

u# ##.#..#.# .#
Z+. #....#... .
.#. ###....##. ..
. ###... . #.##..
##.. .... $ # ##
#.$. #..### ..#
#...##..# ###.@..#
###...##.#
###.)Y### ..
#.cEE## ...
##...##○# .##
#...# ##☼# ..
##.#####°E###### #
#.#..#..°☼○......#
.##.##$.○........#


You could see a centaur warrior, a yak and 2 fire elementals.

Vanquished Creatures
  6 yaks (D:9)
  Edmund (D:4)
  2 water moccasins
  2 orc warriors
  A sky beast (D:5)
  A black bear (D:4)
  An ogre (D:5)
  A necrophage (D:6)
  A centaur (D:6)
  A kobold brigand (D:8)
  A bullfrog (D:8)
  A gnoll sergeant (D:5)
  2 water moccasin zombies
  3 water moccasin skeletons
  10 wights
  4 centaur zombies
  A bullfrog skeleton (D:5)
  A jelly (D:4)
  3 hounds
  4 orc priests
  Crazy Yiuf (D:4)
  Jessica (D:3)
  A centaur skeleton (D:7)
  2 orc wizards
  A howler monkey zombie (D:9)
  Robin (D:4)
  9 adders
  12 gnolls
  2 shadow imps
  A white imp (D:8)
  An ufetubus (D:5)
  2 adder skeletons (D:4)
  A worm (D:2)
  3 dart slugs
  19 orcs
  5 bats
  7 endoplasms
  4 giant cockroaches
  16 goblins
  9 hobgoblins
  12 jackals
  6 quokkas
  4 ball pythons
  6 frilled lizards
  11 kobolds
  A quokka skeleton (D:4)
  3 rats
188 creatures vanquished.

Vanquished Creatures (others)
  A yak (D:9)
1 creature vanquished.

Grand Total: 189 creatures vanquished

Notes
Turn   | Place    | Note
-------+----------+-------------------------------------------
     0 | D:1      | H0rd4k the Deep Elf Hedge Wizard began the quest for the
                  | Orb.
     0 | D:1      | Reached XP level 1. HP: 10/10 MP: 7/7
   347 | D:1      | Reached XP level 2. HP: 12/15 MP: 1/9
   720 | D:1      | Reached skill level 5 in Spellcasting
  1257 | D:1      | Reached XP level 3. HP: 19/19 MP: 7/11
  1260 | D:1      | Learned a level 2 spell: Blink
  1264 | D:1      | Learned a level 3 spell: Conjure Flame
  1268 | D:1      | Learned a level 3 spell: Mephitic Cloud
  2418 | D:2      | Identified the amulet of Dyuqaf {Faith +Blink Regen+}
  2683 | D:2      | Reached XP level 4. HP: 19/24 MP: 8/13
  2687 | D:2      | Reached skill level 6 in Spellcasting
  3023 | D:2      | Found Cunnait's Magic Scroll Emporium.
  3065 | D:2      | Found an opulent altar of Gozag.
  3090 | D:2      | Became a worshipper of Gozag Ym Sagoz the Greedy
  3733 | D:3      | Found a faded altar of an unknown god.
  3972 | D:3      | Reached skill level 1 in Air Magic
  4197 | D:3      | Noticed Jessica
  4200 | D:3      | Killed Jessica
  4201 | D:3      | Reached skill level 1 in Fire Magic
  4201 | D:3      | Reached XP level 5. HP: 28/28 MP: 11/15
  4501 | D:2      | Bought a scroll of blinking for 75 gold pieces
  4659 | D:4      | Noticed Edmund
  4801 | D:4      | Noticed Robin
  4815 | D:4      | Killed Robin
  4962 | D:4      | Noticed a black bear
  4971 | D:4      | Killed a black bear
  4972 | D:4      | Reached skill level 1 in Poison Magic
  5129 | D:4      | Reached XP level 6. HP: 32/32 MP: 15/17
  5513 | D:4      | Reached skill level 7 in Spellcasting
  5602 | D:4      | Identified the +0 quarterstaff of Painted Punishment
                  | {vorpal, Str+3 Int+3}
  6140 | D:4      | Found a runed translucent door.
  6141 | D:4      | Noticed Crazy Yiuf
  6717 | D:4      | Killed Edmund
  6718 | D:4      | Reached XP level 7. HP: 28/37 MP: 5/20
  6879 | D:5      | Entered Level 5 of the Dungeon
  6994 | D:5      | Reached skill level 8 in Spellcasting
  7188 | D:5      | Reached skill level 5 in Conjurations
  7524 | D:5      | Identified the +2 helmet of Igad Reo {Int+4}
  8178 | D:5      | Reached skill level 9 in Spellcasting
  8192 | D:5      | Reached XP level 8. HP: 42/42 MP: 15/23
  8511 | D:4      | Killed Crazy Yiuf
  8888 | D:6      | Reached skill level 10 in Spellcasting
  8912 | D:6      | Found a staircase to the Ecumenical Temple.
 10014 | D:7      | Reached skill level 11 in Spellcasting
 10352 | D:7      | Noticed Maggie
 10359 | D:7      | Learned a level 4 spell: Leda's Liquefaction
 10706 | D:7      | Learned a level 5 spell: Lee's Rapid Deconstruction
 10849 | D:8      | Reached XP level 9. HP: 42/46 MP: 20/26
 11072 | D:8      | Reached skill level 1 in Hexes
 11259 | D:8      | Reached skill level 1 in Earth Magic
 11415 | D:8      | Noticed Gastronok
 12027 | D:9      | Reached skill level 12 in Spellcasting
 12481 | D:9      | Found a runed translucent door.
 12482 | D:9      | Noticed a purple ugly thing
 12484 | D:9      | Noticed a troll
 12485 | D:9      | Found a runed translucent door.
 12485 | D:9      | Found a runed translucent door.
 12485 | D:9      | Noticed a purple ugly thing
 12572 | D:9      | Identified the +5 scimitar "Transmigrator" {vorpal, Str+2}
 12572 | D:9      | Noticed a centaur warrior
 12605 | D:9      | Noticed a deep elf pyromancer
 12623 | D:9      | Noticed a centaur warrior
 12627 | D:9      | Shot with an arrow by a centaur warrior

Illustrated notes

Levels and vault maps discovered:
D:1:      scummos_arrival_forest, layout_loops_corners, kennysheep_small_spiral
D:2:      layout_basic, basic_altar, serial_shops, nicolae_lakefront_shop,
          hex_large, lemuel_old_faithful
D:3:      layout_basic, hellmonk_ecumenical_altar_heavens_door, uniq_jessica
D:4:      layout_basic, serial_glass, glass_columns_a, glass_columns_c,
          uniq_edmund, uniq_robin, uniq_crazy_yiuf_cottage
D:5:      layout_cave_pods
D:6:      layout_rooms, kiku_gazebo_pond_becter, kennysheep_mini,
          minmay_temple_entry_trees
D:7:      layout_basic, minivault_5, uniq_maggie
D:8:      layout_gridville, uniq_gastronok
D:9:      minmay_the_grid_four_pointed_star_mashed
          [minmay_the_grid_triangle_9x9_odd_lines,
          minmay_the_grid_triangle_9x9_fully_insulated_deathbox,
          minmay_the_grid_triangle_9x9_tough_junction,
          minmay_the_grid_triangle_9x9_longest,
          minmay_the_grid_prize_trominoes], layout_basic, kennysheep_mini_moat

Skill      XL: |  1  2  3  4  5  6  7  8  9 |
---------------+----------------------------+-----
Spellcasting   | 5 6 7 9 11 12 | 12.4
Dodging        | 3 4 |  4.2
Conjurations   | 2 3 4 6 8 9 |  9.1
Air Magic      | 1 2 |  2.3
Fire Magic     | 1 2 |  2.3
Poison Magic   | 1 2 |  2.2
Hexes          | 3 |  3.9
Earth Magic    | 3 |  3.2
Fighting       | |  0.8
Stealth        | |  2.4
Summonings     | |  1.1
Translocations | |  1.1

Action                   |  1- 3 |  4- 6 |  7- 9 || total
-------------------------+-------+-------+-------++-------
 Cast: Magic Dart        |   131 |   172 |   378 ||   681
       Mephitic Cloud    |       |     3 |    16 ||    19
       Conjure Flame     |       |     3 |    29 ||    32
       Blink             |       |       |     5 ||     5
  Use: Scroll            |       |       |     7 ||     7
Armor: Robe              |     8 |     3 |    39 ||    50
Dodge: Dodged            |    34 |    21 |    75 ||   130
